 Dungeon Crawl Stone Soup version 0.30-a0-629-gd54f4be4f7 (webtiles) character file.

Game seed: 3180291979626817897

123 warriortoast the Grasshopper (level 5, -1/41 HPs)
             Began as a Barachi Warper on Jan 12, 2023.
             Slain by a bullfrog (4 damage)
             ... in a sewer.
             The game lasted 00:18:38 (2269 turns).

warriortoast the Grasshopper (Barachi Warper)       Turns: 2269, Time: 00:18:38

Health: -1/41      AC: 11    Str: 13 (14) XL:     5   Next: 7%
Magic:  9/9        EV:  3    Int: 11 (14) God:
Gold:   162        SH:  0    Dex:  8 (11) Spells: 9/9 levels left

rFire   . . .      SeeInvis .    b - +0 great sword
rCold   . . .      Faith    .    (shield currently unavailable)
rNeg    . . .      Spirit   .    n - +0 plate armour
rPois   +          Reflect  .    (no helmet)
rElec   .          Harm     .    (no cloak)
rCorr   .          Rampage  .    (no gloves)
Will    .....                    (no boots) Stlth
                                 (no amulet)
HPRegen 0.26/turn                o - ring of poison resistance
MPRegen 0.11/turn                (no ring)

@: unable to hop, slow
A: amphibious, slowness 1, strong legs 1, +LOS
a: Hop


You were in a sewer.
You visited 1 branch of the dungeon, and saw 3 of its levels.
You also visited: Sewer.

You collected 162 gold pieces.

Inventory:

Hand Weapons
 a - a +0 mace
 b - a +0 great sword (weapon)
Missiles
 d - 7 boomerangs of dispersal
 p - 2 poisoned darts (quivered)
Armour
 h - a +0 scale mail
 n - a +0 plate armour (worn)
Jewellery
 i - a ring of protection from cold
 o - a ring of poison resistance (left hand)
Scrolls
 c - a scroll of blinking
 f - 4 scrolls of identify {unknown}
 j - a scroll of poison {unknown}
 k - a scroll of amnesia {unknown}
 r - a scroll of fog {unknown}
Potions
 g - a potion of curing


   Skills:
 + Level 3.6 Fighting
 + Level 2.1 Long Blades
 - Level 2.4 Maces & Flails
 - Level 1.0 Throwing
 + Level 2.9 Armour
 - Level 2.2 Dodging
 - Level 2.6 Spellcasting
 - Level 3.8 Translocations


You had 9 spell levels left.
You didn't know any spells.
Your spell library contained the following spells:

 Spells                   Type           Power      Damage    Failure   Level
 Blink                    Tloc           18%        N/A       100%        2
 Gell's Gravitas          Tloc           9%         N/A       100%        3
 Lesser Beckoning         Tloc           18%        N/A       100%        3
 Teleport Other           Tloc           9%         N/A       100%        3
 Vhi's Electric Charge    Tloc/Air       10%        N/A       100%        3
 Manifold Assault         Tloc           9%         N/A       100%        4
 Summon Ice Beast         Ice/Summ       1%         N/A       100%        4
 Summon Mana Viper        Hex/Summ       1%         N/A       100%        5
 Monstrous Menagerie      Summ           0%         N/A       100%        7


Dungeon Overview and Level Annotations

Branches:
Dungeon (3/15)              Sewer (1/1)

Altars:


Innate Abilities, Weirdness & Mutations

You are amphibious.
You cover ground slowly.
You can hop short distances.
You have an extended range of vision and can be seen from far away.


Message History

HP restored.
You enter the shallow water.
You see here an adder corpse.
You enter the shallow water.
You enter the shallow water.
A bullfrog comes into view.
The bullfrog gives a loud, deep croak!
A bullfrog comes into view.
The bullfrog snags a nearby fly with its tongue.
You hit the bullfrog.
The bullfrog is lightly wounded.
The bullfrog hits you.
The bullfrog hits you but does no damage.
The bullfrog hits you.
Hop to where?
Press: ? - help, Dir - move target Floosh!
You fall into the shallow water.
Boing!
You throw a poisoned dart.
The poisoned dart closely misses the bullfrog.
The bullfrog hits you but does no damage.
The bullfrog hits you!
You throw a poisoned dart. The poisoned dart hits the bullfrog.
The bullfrog is lightly wounded.
You hear a splash.
The bullfrog hits you but does no damage.
The bullfrog hits you.
You throw a poisoned dart.
The poisoned dart closely misses the bullfrog.
The bullfrog hits you. x2; The bullfrog barely misses you.
You are too injured to fight recklessly!
The bullfrog attacks as you move away! The bullfrog hits you.
* * * LOW HITPOINT WARNING * * *
The bullfrog hits you but does no damage.
The bullfrog hits you.
* * * LOW HITPOINT WARNING * * *
The bullfrog hits you.
* * * LOW HITPOINT WARNING * * *
The bullfrog hits you.
You die...

#.~≈~.# #≈≈≈≈≈≈≈≈.~.~~~
#.~≈~.# #≈≈~≈≈≈≈≈≈.~~~
#.~≈~~# #≈≈≈~≈≈≈≈≈≈≈≈≈
#~~≈~~#######~≈≈≈≈≈≈≈~~≈
#~≈≈~~.~..(.(....~~≈~≈≈~
#~†≈~†~~~~~~~~~~~~~~≈~~≈
#.~≈≈≈≈≈≈≈(≈≈≈≈≈≈≈≈≈≈≈≈≈
#.~≈~~~~~~FF~~~~~~~~~~~~
#~~≈~~~~~.@.............
#~~≈~~##################
#.~≈~~########
####.~≈~~~~.~~..########
≈≈≈≈≈≈≈~†~~~†.~...÷∩.∩.#
####.~~~.~~~†.~.########
#.....######## #######


You could see 2 bullfrogs.

Vanquished Creatures
  4 adders
  A worm (D:2)
  3 endoplasms
  12 giant cockroaches
  8 goblins
  7 hobgoblins
  4 jackals (D:1)
  4 quokkas
  6 ball pythons
  7 bats
  7 frilled lizards
  7 kobolds
  6 rats
76 creatures vanquished.

Notes
Turn   | Place    | Note
-------+----------+-------------------------------------------
     0 | D:1      | warriortoast the Barachi Warper began the quest for the
                  | Orb.
     0 | D:1      | Reached XP level 1. HP: 17/17 MP: 3/3
   243 | D:1      | Reached XP level 2. HP: 22/23 MP: 5/5
   428 | D:1      | Reached XP level 3. HP: 18/28 MP: 6/6
  1189 | D:2      | Reached skill level 1 in Long Blades
  1322 | D:2      | Reached XP level 4. HP: 23/35 MP: 6/8
  1857 | D:3      | Found a glowing drain.
  2005 | Sewer    | Entered a sewer
  2162 | Sewer    | Reached XP level 5. HP: 24/41 MP: 9/9
  2268 | Sewer    | HP: 2/41 [bullfrog (1)]
  2269 | Sewer    | Slain by a bullfrog

Illustrated notes

Levels and vault maps discovered:
D:1:      matt_arrival_grand_opening, layout_loops_ring
D:2:      layout_basic, minmay_mini_jars
D:3:      layout_basic, portal_sewer_entry_f
Sewer:    sewer_frog_island_01

Skill      XL: |  1  2  3  4 |
---------------+-------------+-----
Armour         | 2 |  2.9
Fighting       | 3 |  3.6
Long Blades    | 1 2 |  2.1
Maces & Flails | |  2.4
Throwing       | |  1.0
Dodging        | |  2.2
Spellcasting   | |  2.6
Translocations | |  3.8

Action                   |  1- 3 |  4- 6 || total
-------------------------+-------+-------++-------
Melee: Mace              |    47 |       ||    47
       Great sword       |   102 |   148 ||   250
Throw: Dart              |       |     3 ||     3
 Abil: Hop               |       |     3 ||     3
  Use: Potion            |       |     6 ||     6
       Scroll            |       |     1 ||     1
Armor: Scale mail        |    67 |       ||    67
       Plate armour      |    65 |   237 ||   302
Dodge: Dodged            |    84 |    76 ||   160

Table legend: (Time is in decaauts)
 A = Elapsed time spent in this place.
 B = Non-inter-level travel time spent in this place.
 C = Inter-level travel time spent in this place.
 D = Time resting spent in this place.
 E = Time spent auto-exploring this place.
 F = Levels seen in this place.
 G = Mean time per level.
                   A        B        C        D        E       F      G
               +--------+--------+--------+--------+--------+-----+--------+
         Total |   2715 |   2622 |     93 |    461 |   1275 |   4 |  678.8 |
       Dungeon |   2397 |   2304 |     93 |    354 |   1236 |   3 |  799.0 |
         Sewer |    317 |    317 |      0 |    107 |     39 |   1 |  317.0 |
               +--------+--------+--------+--------+--------+-----+--------+

Top non-repeatable levels by time:
     D:1: 1251 daAuts
     D:2: 1080 daAuts
   Sewer: 317 daAuts
     D:3: 66 daAuts
